 Dungeon Crawl Stone Soup version 0.19-a0-462-g6140235 (webtiles) character file.

2461 2tousent the Shield-Bearer (level 9, -10/72 HPs)
             Began as a Formicid Fighter on June 3, 2016.
             Killed from afar by Erolcha (16 damage)
             ... with a bolt of cold
             ... on level 8 of the Dungeon.
             The game lasted 00:15:16 (6121 turns).

2tousent the Shield-Bearer (Formicid Fighter)       Turns: 6121, Time: 00:15:16

Health: -10/72     AC: 11    Str: 24    XL:     9   Next: 79%
Magic:  11/11      EV:  8    Int:  8    God:
Gold:   321        SH: 11    Dex: 10    Spells: 0 memorised, 8 levels left

rFire  . . .     SeeInvis +     H - +1 battleaxe
rCold  . . .     Gourm    .     v - +0 chain mail
rNeg   . . .     Faith    .     c - +0 shield
rPois  .         Spirit   .     (helmet unavailable)
rElec  .         Dismiss  .     (no cloak)
rCorr  .         Reflect  .     q - +0 pair of gloves
SustAt .         Harm     .     (no boots)
MR     .....                    (no amulet)
Stlth  ..........               (no ring)
                                (no ring)

@: not resistant to hostile enchantments, extremely unstealthy
A: permanent stasis, dig shafts and tunnels, four strong arms, antennae 3
a: Dig, Shaft Self


You were on level 8 of the Dungeon.
You were not hungry.

You visited 1 branch of the dungeon, and saw 8 of its levels.

You collected 321 gold pieces.

Inventory:

Hand Weapons
 a - a +0 war axe
 E - a -2 executioner's axe
 H - a +1 battleaxe (weapon)
Armour
 b - a +0 scale mail
 c - a +0 shield (worn)
 q - a +0 pair of gloves (worn)
 v - a +0 chain mail (worn)
Jewellery
 x - a +3 ring of intelligence {unknown}
 G - an uncursed ring of see invisible {unknown}
Wands
 z - a wand of enslavement (14/24)
Scrolls
 g - 2 scrolls of teleportation {unknown}
 i - a scroll of amnesia {unknown}
 j - 9 scrolls of identify {unknown}
 k - a scroll of enchant armour {unknown}
 l - a scroll of enchant weapon {unknown}
 m - a scroll of blinking {unknown}
 t - a scroll of fog {unknown}
 w - a scroll of fear {unknown}
 y - a scroll of remove curse {unknown}
 C - a scroll of summoning {unknown}
Potions
 d - 2 potions of might
 e - 4 potions of degeneration {unknown}
 n - a potion of haste {unknown}
 o - 4 potions of curing
 p - 2 potions of lignification {unknown}
 A - a potion of flight {unknown}
 B - 2 potions of berserk rage {unknown}
 D - a potion of brilliance {unknown}
 F - a potion of heal wounds {unknown}
Comestibles
 f - 3 bread rations
 h - 3 beef jerkies
 r - 3 fruits
 s - a slice of pizza
 u - 4 meat rations
 I - a chunk of flesh


   Skills:
 + Level 7.3 Fighting
 * Level 6.6 Axes
 + Level 7.2 Armour
 + Level 7.9 Shields
 + Level 3.2 Evocations


You had 8 spell levels left.
You didn't know any spells.

Dungeon Overview and Level Annotations

Branches:
Dungeon (8/15)             Temple (0/1) D:4
   Lair: D:8-11

Altars:
Fedhas
Kikubaaqudgha
Qazlal
Trog
Uskayaw
Zin

Shops:
D:6 [   D:7 [

Annotations:
D:8 Erolcha, Gastronok


Innate Abilities, Weirdness & Mutations

You are under a permanent stasis effect.
You can dig through walls and to a lower floor.
Your four strong arms can wield two-handed weapons with a shield.
You have a pair of large antennae on your head. (SInv)


Message History

a ring mail; an orc corpse You butcher the orc corpse.
I - a chunk of flesh You see here a ring mail.
Gastronok the Ponderous comes into view.
Gastronok bubbles merrily.
Gastronok is nearby!
Erolcha the Cunning comes into view.
She is wielding a giant spiked club.
Erolcha shouts!
You slash Gastronok!
Gastronok is lightly wounded.
Erolcha casts a spell at you. The crystal spear hits you!
Ouch! That really hurt!
Erolcha points at you and mumbles some strange words.
The bolt of cold hits you!
* * * LOW HITPOINT WARNING * * *
Erolcha gestures at you while chanting. The bolt of cold hits you!
You die...

####...# # #
......#.#
...#.##.....#.#
......O.......#
#.....# .
#..w..#
...####.....#
............#
######...@..#
#...<..#
#.##..##
####.##..#
.......[)#
####.###.#
.......<#
....###### #.


You could see Gastronok and Erolcha.

Vanquished Creatures
  Psyche (D:8)
  The ghost of 2tousent the Sneak, an amateur VSEn (D:4)
  An orc warrior (D:7)
  An ice beast (D:7)
  A phantom (D:7)
  A centaur (D:7)
  An ogre (D:7)
  2 giant frogs
  9 scorpions
  3 wights (D:7)
  A howler monkey (D:5)
  2 crimson imps (D:7)
  2 jellies
  2 giant frog zombies (D:7)
  2 gnoll shamans (D:6)
  A hound (D:6)
  3 orc wizards
  2 giant frog skeletons
  3 worker ants
  8 gnolls (D:6)
  4 river rats (D:7)
  10 adders
  3 shadow imps
  3 oozes
  An adder skeleton (D:5)
  2 worms
  2 dart slugs
  2 giant geckos
  8 orcs
  2 ball pythons (D:2)
  8 bats
  3 giant cockroaches
  5 goblins
  7 hobgoblins
  4 jackals (D:3)
  6 quokkas
  5 giant newts
  9 kobolds
  24 rats
  A butterfly (D:5)
156 creatures vanquished.

Vanquished Creatures (others)
  8 fungi (D:7)
  3 plants (D:7)
11 creatures vanquished.

Grand Total: 167 creatures vanquished

Notes
Turn   | Place    | Note
--------------------------------------------------------------
     0 | D:1      | 2tousent the Formicid Fighter began the quest for the Orb.
     0 | D:1      | Reached XP level 1. HP: 18/18 MP: 1/1
    80 | D:1      | Reached XP level 2. HP: 24/24 MP: 2/2
   326 | D:1      | Reached XP level 3. HP: 25/30 MP: 3/3
   750 | D:2      | Reached XP level 4. HP: 37/37 MP: 4/4
   802 | D:2      | Found an ancient bone altar of Kikubaaqudgha.
   969 | D:2      | Found a bloodstained altar of Trog.
  1582 | D:3      | Reached XP level 5. HP: 42/42 MP: 5/5
  1972 | D:4      | Noticed 2tousent's ghost (amateur VSEn)
  1990 | D:4      | Killed 2tousent's ghost
  1990 | D:4      | Reached XP level 6. HP: 46/49 MP: 6/6
  2018 | D:4      | Found a stormy altar of Qazlal.
  2025 | D:4      | Found a staircase to the Ecumenical Temple.
  2592 | D:5      | Entered Level 5 of the Dungeon
  2602 | D:5      | Reached skill level 5 in Shields
  2635 | D:5      | Reached skill level 5 in Armour
  2685 | D:5      | Reached skill level 5 in Fighting
  2685 | D:5      | Reached XP level 7. HP: 31/56 MP: 7/7
  2877 | D:5      | Found a hide-covered altar of Uskayaw.
  3113 | D:5      | Found a glowing silver altar of Zin.
  3207 | D:6      | Found Xeeramon's Antique Armour Shop.
  4014 | D:6      | Reached XP level 8. HP: 49/63 MP: 8/8
  4404 | D:7      | Found a blossoming altar of Fedhas.
  4818 | D:7      | Reached skill level 5 in Axes
  4838 | D:7      | Found Teargh Ropra's Armour Shoppe.
  4914 | D:7      | Reached skill level 1 in Evocations
  5192 | D:7      | Reached XP level 9. HP: 52/71 MP: 8/10
  5963 | D:8      | Noticed Psyche
  5973 | D:8      | Killed Psyche
  6112 | D:8      | Noticed Gastronok
  6116 | D:8      | Noticed Erolcha
  6121 | D:8      | Killed from afar by Erolcha

Vault maps used:
D:1:      lightli_arrival_flooded_house, roderic_roman_lattice, hex_medium,
          hangedman_decor_lopped
D:2:      lemuel_doored_altar, bloody_trog
D:3:      first_bread
D:4:      minmay_temple_entry_butterflies, grunt_qazlal_sundering
D:5:      kennysheep_mini_moat, serial_curves, eino_curves_03, eino_curves_01,
          eino_curves_02, basic_altar
D:6:      serial_shops, shop
D:7:      old_forge, lemuel_coloured_pillars_altar, serial_shops,
          nicolae_shop_waterfront, dk_rats_in_the_wall
D:8:      uniq_erolcha, uniq_gastronok, uniq_prince_ribbit1, uniq_psyche

Skill      XL: |  1  2  3  4  5  6  7  8  9 |
---------------+----------------------------+-----
Shields        | 4 5 6 7 |  7.9
Armour         | 4 5 6 7 |  7.2
Fighting       | 4 5 6 7 |  7.3
Axes           | 3 4 5 6 |  6.6
Evocations     | 1 3 |  3.2

Action                   |  1- 3 |  4- 6 |  7- 9 || total
-------------------------+-------+-------+-------++-------
Melee: War axe           |    83 |   167 |   254 ||   504
       Executioner's axe |       |       |    91 ||    91
       Battleaxe         |       |       |    45 ||    45
  Eat: Chunk             |       |     6 |     9 ||    15
       Pizza             |       |       |     2 ||     2
Armor: Scale mail        |    43 |    65 |       ||   108
       Chain mail        |       |     6 |   195 ||   201
Dodge: Dodged            |    26 |    45 |   102 ||   173
Block: Shield            |    36 |    99 |   232 ||   367
